 Dungeon Sprint DCSS version 0.21.1-1-g345015f (webtiles) character file.

25 Fang the Skirmisher (level 3, -2/25 HPs)
             Began as a Gargoyle Berserker on June 27, 2018.
             Was an Elder of Trog.
             Slain by a river rat (6 damage)
             ... in the Dungeon (Sprint VII: "The Pits").
             The game lasted 00:00:56 (246 turns).

Fang the Skirmisher (Gargoyle Berserker)             Turns: 246, Time: 00:00:56

Health: -2/25      AC:  5    Str: 21    XL:     3   Next: 4%
Magic:  3/3        EV: 12    Int:  7    God:    Trog [****..]
Gold:   0          SH:  0    Dex:  9    Spells: 2/2 levels left

rFire    . . .     SeeInvis .   k - +2 hand axe
rCold    . . .     Gourm    .   (no shield)
rNeg     + . .     Faith    .   b - +0 animal skin
rPois    ∞         Spirit   .   (no helmet)
rElec    +         Reflect  .   (no cloak)
rCorr    .         Harm     .   (no gloves)
MR       .....     NoTele   +   (no boots)
Stlth    +.........             (no amulet)
HPRegen  0.08/turn              (no ring)
MPRegen  0.08/turn              (no ring)

@: no status effects
A: negative energy resistance 1, electricity resistance, unbreathing,
petrification resistance, rot immunity, AC +3
a: Berserk, Trog's Hand, Brothers in Arms, Burn Spellbooks, Renounce Religion


You were in the Dungeon.
You worshipped Trog.
Trog was greatly pleased with you.
You were not hungry.

You visited 1 branch

Inventory:

Hand Weapons
 k - a +2 hand axe (weapon)
Armour
 b - a +0 animal skin (worn)
Scrolls
 i - a scroll of blinking
 l - 3 scrolls of remove curse
 m - a scroll of summoning
Potions
 a - 2 potions of invisibility
 d - a potion of curing
 e - a potion of heal wounds
 f - a potion of haste
 g - 4 potions of magic
 h - 3 potions of berserk rage
Comestibles
 c - 9 rations
 j - a chunk of flesh


   Skills:
 + Level 4.9 Fighting
 + Level 4.1 Axes
 + Level 2.7 Armour
 + Level 2.6 Dodging


You had 2 spell levels left.
You didn't know any spells.

Dungeon Overview and Level Annotations

Branches:
Dungeon (1/1)

Altars:
Cheibriados
Dithmenos
Elyvilon
Fedhas
Gozag
Hepliaklqana
Makhleb
Nemelex Xobeh
Okawaru
Qazlal
Ru
Sif Muna
Trog
Vehumet
Wu Jian
Xom
Yredelemnul
Zin
The Shining One
Beogh
Jiyva
Lugonu


Innate Abilities, Weirdness & Mutations

You are resistant to torment.
Your stone body is resilient. (AC +3)
You are immune to poison.
You resist negative energy. (rN+)
You are resistant to electric shocks. (rElec)
You can survive without breathing.
You are immune to petrification.
You are immune to rotting.


Message History

You are too injured to fight recklessly!
You are too injured to fight recklessly!
The river rat barely misses you.
You hit the river rat but do no damage.
The river rat is moderately wounded.
The river rat bites you.
* * * LOW HITPOINT WARNING * * *
You closely miss the river rat.
The river rat is moderately wounded.
The river rat barely misses you.
You barely miss the river rat.
The river rat is lightly wounded.
The river rat bites you but does no damage.
You barely miss the river rat.
The river rat is lightly wounded.
The river rat closely misses you.
You completely miss the river rat.
The river rat is lightly wounded.
The river rat bites you.
You die...

##########'##...........
#.?(.')))'.##......#..#.
##########.##...........
#...........'...........
#+#####'#####......#..#.
#..#.†#..##...........
#..'..'..#####'#####++
##+####'###.......#
#.....r@.##.......#
#........##.......#
#####+#####...<...#
#.......# #.......#
#.......# #########


You could see a river rat.

Vanquished Creatures
  A river rat (D)
  A bat skeleton (D)
  2 giant cockroaches (D)
  7 jackals (D)
  A ball python (D)
  A leopard gecko zombie (D)
  A rat (D)
14 creatures vanquished.

Notes
Turn   | Place    | Note
-------+----------+-------------------------------------------
     0 | D        | Fang the Gargoyle Berserker began the quest for the Orb.
     0 | D        | Reached XP level 1. HP: 14/14 MP: 1/1
    26 | D        | Reached ** piety under Trog
   131 | D        | Found a bloodstained altar of Trog.
   131 | D        | Found a deep blue altar of Sif Muna.
   131 | D        | Found a viscous altar of Jiyva.
   131 | D        | Found a hazy altar of Hepliaklqana.
   131 | D        | Found an opulent altar of Gozag.
   132 | D        | Found a glowing golden altar of the Shining One.
   132 | D        | Found a glowing silver altar of Zin.
   132 | D        | Found a basalt altar of Yredelemnul.
   132 | D        | Found a shimmering altar of Xom.
   132 | D        | Found an ornate altar of the Wu Jian Council.
   132 | D        | Found a sacrificial altar of Ru.
   132 | D        | Found a stormy altar of Qazlal.
   132 | D        | Found an iron altar of Okawaru.
   132 | D        | Found a sparkling altar of Nemelex Xobeh.
   132 | D        | Found a burning altar of Makhleb.
   132 | D        | Found a blossoming altar of Fedhas.
   132 | D        | Found a white marble altar of Elyvilon.
   132 | D        | Found a shadowy altar of Dithmenos.
   132 | D        | Found a snail-covered altar of Cheibriados.
   134 | D        | Found a radiant altar of Vehumet.
   134 | D        | Found a corrupted altar of Lugonu.
   134 | D        | Found a roughly hewn altar of Beogh.
   180 | D        | Reached XP level 2. HP: 18/20 MP: 2/2
   184 | D        | Reached *** piety under Trog
   232 | D        | Reached **** piety under Trog
   234 | D        | Reached XP level 3. HP: 20/25 MP: 3/3
   246 | D        | Slain by a river rat

Skill      XL: |  1  2 |
---------------+-------+-----
Axes           | 3 4 |  4.1
Fighting       | 4 |  4.9
Dodging        | 2 |  2.6
Armour         | |  2.7

Action                   || total
-------------------------++-------
Melee: Hand axe          ||    53
Armor: Animal skin       ||    26
Dodge: Dodged            ||    51
